 Dungeon Crawl Stone Soup version 0.30-a0-1008-g30c9307041 (webtiles) character file.

Game seed: 1332769297233332566

129 grumposus the Sneak (level 4, -5/21 HPs)
             Began as a Spriggan Enchanter on Apr 6, 2023.
             Shot with an arrow by a centaur (6 damage)
             ... on level 3 of the Dungeon.
             The game lasted 00:08:21 (3414 turns).

grumposus the Sneak (Spriggan Enchanter)            Turns: 3414, Time: 00:08:21

Health: -5/21      AC:  2    Str:  4    XL:     4   Next: 88%
Magic:  10/10      EV: 18    Int: 16    God:
Gold:   128        SH:  5    Dex: 17    Spells: 1/9 levels left

rFire   + . .      SeeInvis +    a - +1 dagger
rCold   . . .      Faith    .    (no shield)
rNeg    . . .      Spirit   .    b - +0 robe
rPois   .          Reflect  +    (helmet restricted)
rElec   .          Rampage  .    (no cloak)
rCorr   .                        (gloves unavailable)
Will    .....                    (boots unavailable)
Stlth   +++                      l - amulet of reflection
HPRegen 0.23/turn                k - ring of protection from fire
MPRegen 0.12/turn                (no ring)

@: invisible, very quick
A: very small, no large weapons, unfitting armour, see invisible, speed 3
a: no special abilities


You were on level 3 of the Dungeon.
You visited 1 branch of the dungeon, and saw 3 of its levels.

You collected 128 gold pieces.

Inventory:

Hand Weapons
 a - a +1 dagger (weapon)
Missiles
 f - 2 curare-tipped darts
Armour
 b - a +0 robe (worn)
Jewellery
 k - a ring of protection from fire (left hand)
 l - an amulet of reflection (around neck)
 n - a ring of ice
Scrolls
 e - 2 scrolls of teleportation
 g - a scroll of poison {unknown}
 i - a scroll of fog {unknown}
 m - a scroll of vulnerability
Potions
 c - a potion of invisibility
 d - 2 potions of degeneration {unknown}
 h - a potion of magic {unknown}
 j - a potion of curing {unknown}


   Skills:
 * Level 2.6 Short Blades
 + Level 3.3 Dodging
 + Level 5.1 Stealth
 + Level 3.4 Spellcasting
 * Level 4.6 Hexes
 + Level 1.2 Ice Magic


You had one spell level left.
You knew the following spells:

 Your Spells              Type           Power      Damage    Failure   Level
a - Ensorcelled Hibernat  Hex/Ice        24%        N/A       9%          2
b - Confusing Touch       Hex            17%        N/A       9%          3
c - Tukima's Dance        Hex            17%        N/A       9%          3

Your spell library contained the following spells:

 Spells                   Type           Power      Damage    Failure   Level
 Dazzling Flash           Conj/Hex       20%        N/A       22%         3


Dungeon Overview and Level Annotations

Branches:
Dungeon (3/15)

Altars:
Vehumet

Shops:
D:3 ?

Annotations:
D:3 exclusion: statue


Innate Abilities, Weirdness & Mutations

You are very small and have problems with some larger weapons.
You are too small for most types of armour.
You have supernaturally acute eyesight. (SInv)
You cover ground extremely quickly. (Speed+++)


Message History

You hit the jackal.
The jackal is moderately wounded.
The jackal barely misses you. The jackal closely misses you.
You barely miss the jackal.
The jackal is moderately wounded.
The jackal misses you.
The jackal resists with significant effort.
The jackal misses you.
You hit the jackal.
The jackal is severely wounded.
The jackal bites you.
You closely miss the jackal.
The jackal is severely wounded.
The jackal misses you. The jackal closely misses you.
You hit the jackal.
The jackal is almost dead.
You block the jackal's attack.
You hit the jackal.
You kill the jackal!
No target in view!
No target in view!
You see here a jackal corpse.
You now have 128 gold pieces (gained 17).
Found 2 boomerangs of dispersal.
You see here 2 boomerangs of dispersal.
The centaur shoots an arrow.
The arrow hits you!
The centaur shoots an arrow.
The arrow completely misses you.
Throw: 3 darts (curare)
Press: ? - help, Shift-Dir - straight line, f - centaur
Aim: a centaur, wielding a +0 shortbow (70% to hit)
You throw a curare-tipped dart.
The curare-tipped dart hits the centaur.
The centaur is poisoned.
The centaur convulses.
The centaur seems to slow down.
The centaur is moderately wounded.
The centaur shoots an arrow.
The arrow hits you!
Ouch! That really hurt!
* * * LOW HITPOINT WARNING * * *
You fade into invisibility!
The centaur shoots an arrow.
The arrow hits you.
You die...

######.............######
.###......########..#.......
..........(.................
#######.#############.######
#.# #.#..... #.#c####
#.#.#### #.#...c# #.#....#
#.####.####.# #.####.####.#
#.........@.# #.......S.(.#
############# #############
.......... #########. ##


You could see a centaur (unable to see you, very poisoned, slow).

Vanquished Creatures
  A gnoll (D:2)
  3 adders
  An ufetubus (D:3)
  A worm (D:2)
  5 dart slugs
  5 ball pythons
  12 endoplasms
  3 giant cockroaches
  5 hobgoblins
  6 jackals
  2 quokkas
  11 bats
  3 frilled lizards
  3 goblins
  5 kobolds
  4 rats
70 creatures vanquished.

Notes
Turn   | Place    | Note
-------+----------+-------------------------------------------
     0 | D:1      | grumposus the Spriggan Enchanter began the quest for the
                  | Orb.
     0 | D:1      | Reached XP level 1. HP: 9/9 MP: 5/5
   190 | D:1      | Reached XP level 2. HP: 13/13 MP: 6/6
   195 | D:1      | Learned a level 2 spell: Ensorcelled Hibernation
   733 | D:1      | Reached XP level 3. HP: 16/16 MP: 1/8
  1259 | D:2      | Found the +8 demon trident "Rift" {distort, reach+}
  1424 | D:2      | Reached skill level 1 in Ice Magic
  1982 | D:2      | Reached XP level 4. HP: 16/21 MP: 9/9
  2451 | D:3      | Found a radiant altar of Vehumet.
  2451 | D:3      | Noticed a charred statue
  2623 | D:3      | Found Ontesil's Magic Scroll Shoppe.
  2743 | D:3      | Noticed a centaur
  2853 | D:3      | Learned a level 3 spell: Confusing Touch
  2857 | D:3      | Learned a level 3 spell: Tukima's Dance
  2951 | D:3      | Reached skill level 5 in Stealth
  3413 | D:3      | HP: 1/21 [centaur/arrow (12)]
  3414 | D:3      | Shot with an arrow by a centaur

Illustrated notes

Levels and vault maps discovered:
D:1:      wheals_arrival_shading, layout_rooms, minmay_domino_2
D:2:      layout_loops_corners, minmay_diced_spiral
D:3:      layout_basic, vehumet_statue, serial_shops, shop,
          kennysheep_cross_room, roderic_lattice_a

Skill      XL: |  1  2  3  4 |
---------------+-------------+-----
Hexes          | 4 |  4.6
Short Blades   | 2 |  2.6
Dodging        | 3 |  3.3
Spellcasting   | 3 |  3.4
Ice Magic      | 1 |  1.2
Stealth        | 5 |  5.1

Action                     |  1- 3 |  4- 6 || total
---------------------------+-------+-------++-------
  Melee: Dagger            |   112 |    59 ||   171
         Punch             |     1 |       ||     1
  Throw: Dart              |       |     2 ||     2
   Cast: Ensorcelled Hiber |    37 |    15 ||    52
    Use: Scroll            |     1 |     2 ||     3
         Potion            |       |     1 ||     1
   Stab: Sleeping          |    29 |    13 ||    42
 Armour: Robe              |    12 |     2 ||    14
  Dodge: Dodged            |    94 |    50 ||   144
  Block: Other             |       |     2 ||     2

Table legend: (Time is in decaauts)
 A = Elapsed time spent in this place.
 B = Non-inter-level travel time spent in this place.
 C = Inter-level travel time spent in this place.
 D = Time resting spent in this place.
 E = Time spent auto-exploring this place.
 F = Levels seen in this place.
 G = Mean time per level.
                   A        B        C        D        E       F      G
               +--------+--------+--------+--------+--------+-----+--------+
         Total |   2513 |   2454 |     59 |     47 |   1793 |   3 |  837.7 |
       Dungeon |   2513 |   2454 |     59 |     47 |   1793 |   3 |  837.7 |
               +--------+--------+--------+--------+--------+-----+--------+

Top non-repeatable levels by time:
     D:2: 1081 daAuts
     D:1: 722 daAuts
     D:3: 709 daAuts
